Map: Ruins of Endion

Players

Pokebunny - Winner!

  • Race: Terran Terran
  • League: Grandmaster

Enough

  • Race: Zerg Zerg
  • League: Grandmaster

VOD

Have the link to the VOD?

Description

Time

  • Played on: April 6, 2016, 10:25 p.m.
  • Length: 6:43
Show
View Real Time Build Order
Export as new Build Order

Pokebunny Terran - Winner!

Build Orders: Reaper Expand 

Get SALT Encoding   

  12  0:00  SCV  
  13  0:12  SCV  
  14  0:20  Supply Depot  
  14  0:25  SCV  
  15  0:42  SCV  
  16  0:43  Barracks  
  16  0:45  Refinery  
  16  0:54  SCV  
  17  1:06  SCV  
  18  1:18  SCV  
  19  1:30  Orbital Command  
  19  1:31  Reaper  
  20  1:41  Command Center  
  20  1:55  SCV  
  20  1:56  Supply Depot  
  21  2:03  Barracks Reactor  
  21  2:07  SCV  
  22  2:13  Barracks  
  22  2:20  Barracks, SCV  
  23  2:42  Marine x2  
  26  2:44  SCV  
  26  2:46  Refinery  
  26  2:55  Orbital Command  
  26  2:56  SCV  
  27  3:00  Factory  
  27  3:01  Barracks Tech Lab, Marine x2  
  29  3:08  SCV  
  29  3:10  Marine  
  31  3:19  Marine  
  32  3:20  Stimpack  
  32  3:21  SCV x2  
  32  3:25  Marine  
  32  3:26  Marine  
  36  3:33  Supply Depot  
  36  3:35  SCV x2  
  36  3:38  Marine  
  36  3:39  Marine  
  40  3:43  Marine  
  40  3:48  Starport  
  41  3:49  Factory Reactor  
  41  3:57  SCV x2  
  41  4:01  Engineering Bay  
  43  4:04  Marine x2  
  43  4:06  Supply Depot  
  43  4:07  Marine  
  43  4:09  Marine  
  47  4:13  Refinery  
  47  4:17  SCV  
  47  4:18  SCV  
  49  4:30  Supply Depot  
  49  4:31  Medivac x2  
  49  4:33  SCV x2  
  49  4:37  Marine  
  49  4:38  Marine x3  
  59  4:42  Terran Infantry Weapons Level 1  
  59  4:46  SCV  
  59  4:48  Supply Depot  
  59  4:49  SCV  
  61  4:57  Factory Tech Lab, Barracks Reactor, Marine  
  61  4:58  Marine x2  
  64  5:01  SCV x2  
  66  5:07  Supply Depot  
  66  5:17  Barracks  
  66  5:20  Barracks  
  66  5:22  Marine x3  
  66  5:24  Siege Tank  
  72  5:32  Medivac  
  72  5:33  Medivac  
  60  5:51  Marine x5  
  60  5:55  SCV  
  60  5:56  Siege Tank, SCV  
  70  5:58  Supply Depot  
  70  6:02  Medivac  
  72  6:04  Marine  
  72  6:07  SCV  
  72  6:08  SCV  
  72  6:09  Marine  
  72  6:10  Marine  
  72  6:11  Marine  
  78  6:12  Marine  
  78  6:17  Marine, Supply Depot  
  78  6:18  Marine  
  81  6:22  Marine  
Show
View Real Time Build Order
Export as new Build Order

Enough Zerg 

Build Orders: Hatch First 

Get SALT Encoding   

  12  0:00  Drone  
  13  0:14  Overlord  
  13  0:18  Drone  
  14  0:32  Drone x2  
  16  0:36  Drone  
  17  0:53  Hatchery  
  17  0:56  Drone  
  17  0:59  Drone  
  18  1:10  Extractor  
  17  1:13  Spawning Pool  
  17  1:16  Drone  
  17  1:20  Drone  
  18  1:30  Drone  
  19  1:40  Drone  
  20  1:50  Overlord  
  20  2:00  Queen  
  22  2:05  Queen  
  22  2:07  Zergling x4  
  26  2:13  Metabolic Boost  
  26  2:14  Drone  
  27  2:16  Drone  
  28  2:23  Drone  
  28  2:27  Drone  
  30  2:35  Drone  
  31  2:38  Drone  
  31  2:41  Queen  
  33  2:46  Overlord  
  33  2:50  Drone  
  34  2:57  Drone  
  35  3:04  Overlord  
  35  3:07  Drone  
  35  3:10  Drone  
  37  3:19  Drone x6  
  43  3:26  Queen  
  45  3:29  Overlord, Drone  
  45  3:30  Hatchery  
  45  3:43  Overlord  
  45  3:44  Extractor  
  45  3:47  Baneling Nest  
  45  3:48  Queen  
  45  3:53  Drone x2  
  45  3:54  Drone x5  
  52  4:02  Overlord  
  52  4:03  Drone x3  
  55  4:11  Evolution Chamber  
  55  4:12  Evolution Chamber  
  55  4:13  Overlord  
  55  4:14  Zergling x2  
  54  4:22  Queen  
  56  4:31  Baneling x3  
  56  4:32  Zergling x12  
  62  4:45  Zerg Melee Weapons Level 1  
  62  4:46  Drone x4  
  62  4:48  Queen  
  62  4:49  Overlord  
  68  4:56  Drone  
  68  4:57  Drone  
  68  4:58  Drone  
  68  4:59  Baneling  
  71  5:02  Overlord  
  71  5:09  Drone x3  
  71  5:11  Spore Crawler  
  73  5:17  Lair  
  73  5:19  Drone  
  73  5:20  Drone  
  75  5:21  Drone  
  75  5:24  Queen  
  75  5:26  Baneling  
  75  5:27  Baneling  
  78  5:30  Zergling x10  
  66  5:53  Drone x9  
  75  5:58  Spore Crawler  
  75  5:59  Hatchery  
  73  6:04  Zergling x12  
  73  6:07  Baneling x2  
  73  6:11  Extractor  
  78  6:14  Zergling x6  
  78  6:15  Extractor  
  80  6:19  Zergling x2  
  80  6:23  Spire  
  80  6:25  Drone x2, Extractor  
  82  6:26  Extractor  
Tags
 
Add a new tag
Caveats
  • Supply blocks, unpowered buildings, or Contaminate may cause inaccurate times.
  • Supply counts are checked every 10 seconds.